 Dungeon Crawl Stone Soup version 0.29.0-4-gdea44cf6ec (webtiles) character file.

Game seed: 651828680877802127

627 qw the Chopper (level 7, 0/44 HPs)
             Began as a Gargoyle Fighter on Sept 6, 2022.
             Killed by divine providence
             ... invoked by an orc priest
              (17 damage)
             ... on level 4 of the Dungeon.
             The game lasted 00:01:46 (3863 turns).

qw the Chopper (Gargoyle Fighter)                   Turns: 3863, Time: 00:01:46

Health: 0/44       AC: 16    Str: 21    XL:     7   Next: 48%
Magic:  7/7        EV:  7    Int:  9    God:
Gold:   151        SH:  4    Dex:  9    Spells: 6/6 levels left

rFire   . . .      SeeInvis .   Y - +3 war axe
rCold   . . .      Faith    .   c - +0 buckler
rNeg    + . .      Spirit   .   g - +0 chain mail
rPois   inf        Reflect  .   (no helmet)
rElec   +          Harm     .   (no cloak)
rCorr   .          Rampage  .   m - +1 pair of gloves
Will    .....                   (no boots)
Stlth   ..........              h - amulet of regeneration
HPRegen 0.94/turn               (no ring)
MPRegen 0.10/turn               (no ring)

@: no status effects
A: sickness immunity, AC +4, negative energy resistance 1, electricity
resistance, torment resistance 1, petrification resistance
a: no special abilities


You were on level 4 of the Dungeon.
You visited 1 branch of the dungeon, and saw 4 of its levels.

You collected 151 gold pieces.


Innate Abilities, Weirdness & Mutations

You are immune to sickness and miasma.
Your stone body is resilient. (AC +4)
You are immune to poison.
You resist negative energy. (rN+)
You are resistant to electric shocks. (rElec)
You are resistant to unholy torment.
You are immune to petrification.


   Skills:
 - Level 4.5 Fighting
 + Level 6.5 Axes
 - Level 3.2 Armour
 - Level 1.7 Dodging
 - Level 3.2 Shields


You had 6 spell levels left.
You didn't know any spells.
Your spell library was empty.

Inventory:

Hand Weapons
 j - a +0 flail
 Y - a +3 war axe (weapon)
Armour
 c - a +0 buckler (worn)
 g - a +0 chain mail (worn)
 l - a +0 pair of boots
 m - a +1 pair of gloves (worn)
Jewellery
 h - an amulet of regeneration (around neck)
 n - an amulet of the acrobat
Scrolls
 e - 3 scrolls of teleportation
 f - 2 scrolls of blinking
 k - 2 scrolls of brand weapon {unknown}
Potions
 a - 2 potions of mutation {unknown}
 b - a potion of cancellation {unknown}
 d - 4 potions of might
 i - a potion of haste {unknown}
 o - a potion of curing
 p - a potion of berserk rage {unknown}

Dungeon Overview and Level Annotations

Branches:
Dungeon (4/15)
 Temple: D:4-7

Altars:
Cheibriados
Gozag
Vehumet
Xom
Zin


Message History

You miss something. The orc priest barely misses you.
Something hits you but does no damage. x2
The orc priest barely misses you.
You closely miss something. Something hits you but does no damage.
The orc priest calls down the wrath of Beogh upon you.
Beogh smites you!
You barely miss something. Something hits you but does no damage.
The orc priest casts a cantrip, but nothing happens.
You slash something!
You hear some strange, mumbled words.
Something tries to affect you, but you resist.
The orc priest hits you but does no damage.
You slash something!
Reactivating autopickup.
You feel a bit more experienced.
The orc priest hits you but does no damage.
The adder bites you but does no damage. You block the orc priest's attack.
You closely miss the adder. The adder bites you but does no damage.
The orc priest invokes the aid of Beogh against you.
Beogh smites you! The adder barely misses you.
You slash the adder!
You kill the adder!
The orc priest closely misses you.
The orc priest hits you but does no damage.
Items here: %% )) [.
You closely miss the orc priest.
The orc priest hits you but does no damage.
You slash the orc priest!
The orc priest is severely wounded.
The orc priest mumbles some strange prayers to Beogh against you.
Beogh smites you!
You closely miss the orc priest.
The orc priest is severely wounded.
The orc priest hits you but does no damage.
The orc priest calls down the wrath of Beogh upon you.
Beogh smites you!
You die...

...................'.........'...
..#.######......####.........####
.##.## #.....## ##.......## #
##...## #.....# ##.....##
#.###.## #.....# ##...##
.#####.###.....# ##### ...#
##.####.##### .#.# #.##...)..)#
...# ##.##.#.###@# .#####.###.#.#
#o..+ #.###.## # #.. ....# #
#.)..## #####....# # ..####
#!#..# # ### ..#### ###


You could see an orc priest.

Vanquished Creatures
  A wyvern (D:4)
  2 ogres
  A phantom (D:4)
  An orc priest (D:3)
  An orc wizard (D:4)
  3 gnolls (D:2)
  5 adders
  A worm (D:4)
  2 dart slugs (D:1)
  8 orcs
  4 ball pythons
  8 bats
  6 endoplasms
  5 giant cockroaches
  9 goblins
  13 hobgoblins
  5 jackals
  8 kobolds
  3 quokkas
  2 frilled lizards (D:1)
  7 rats
95 creatures vanquished.

Vanquished Creatures (others)
  21 plants (D:1)
21 creatures vanquished.

Grand Total: 116 creatures vanquished

Notes
Turn   | Place    | Note
-------+----------+-------------------------------------------
     0 | D:1      | qw the Gargoyle Fighter began the quest for the Orb.
     0 | D:1      | Reached XP level 1. HP: 14/14 MP: 1/1
     0 | D:1      | 0 ||| qw: Version: 0.1-a-108-g9e35731
     0 | D:1      | 0 ||| qw: Game counter: 6288
     0 | D:1      | 0 ||| qw: Always use a shield: true
     0 | D:1      | 0 ||| qw: God list: Okawaru
     0 | D:1      | 0 ||| qw: Allow faded altars: false
     0 | D:1      | 0 ||| qw: Do Orc after D:15 true
     0 | D:1      | 0 ||| qw: Do second Lair branch before Depths: true
     0 | D:1      | 0 ||| qw: Lair rune preference: random
     0 | D:1      | 0 ||| qw: Plans: Normal, Zot, God:TSO, Crypt, Tomb, Zig,
                  | Orb
     0 | D:1      | 0 ||| PLANNING D:1-11
    20 | D:1      | Reached skill level 2 in Axes
    29 | D:1      | 29 ||| Stepping ~*~*~tactically~*~*~ (stealth).
    56 | D:1      | Reached XP level 2. HP: 19/19 MP: 2/2
    57 | D:1      | 57 ||| DROPPING +0 club.
   466 | D:1      | Reached skill level 3 in Axes
   500 | D:1      | Reached XP level 3. HP: 23/23 MP: 3/3
   900 | D:1      | 900 ||| Stepping ~*~*~tactically~*~*~ (stealth).
   911 | D:1      | 911 ||| Stepping ~*~*~tactically~*~*~ (hiding).
   914 | D:1      | 914 ||| Stepping ~*~*~tactically~*~*~ (hiding).
  1342 | D:1      | 1342 ||| UPGRADING to +0 pair of gloves.
  1347 | D:1      | 1347 ||| UPGRADING to amulet of regeneration.
  1352 | D:1      | 1352 ||| DROPPING ring of flight.
  1353 | D:1      | 1353 ||| READING 2 scrolls labelled URIBBA WIMEJ.
  1354 | D:1      | 1354 ||| READING scroll labelled PEODO EBAY.
  1355 | D:1      | 1355 ||| READING scroll labelled NUMUIBRAIF.
  1360 | D:1      | 1360 ||| READING scroll labelled KAROFA YNAFUS.
  1361 | D:1      | 1361 ||| READING scroll labelled DERUCI LAJU.
  1362 | D:1      | 1362 ||| DROPPING scroll of vulnerability.
  1394 | D:2      | Found a shimmering altar of Xom.
  1660 | D:2      | Reached XP level 4. HP: 28/28 MP: 4/4
  1761 | D:2      | Identified the +5 mace "Kuic" {vorpal, Str-5 Int+6}
  1763 | D:2      | 1763 ||| DROPPING +5 mace "Kuic" {vorpal, Str-5 Int+6}.
  1950 | D:2      | Reached skill level 4 in Axes
  2025 | D:2      | HP: 4/28 [gnoll/+0 halberd (7)]
  2028 | D:2      | HP: 1/28 [gnoll/+0 halberd (4)]
  2060 | D:2      | 2060 ||| DROPPING +0 whip.
  2276 | D:2      | 2276 ||| UPGRADING to +0 chain mail.
  2286 | D:2      | 2286 ||| DROPPING +0 scale mail.
  2287 | D:2      | 2287 ||| READING scroll labelled CYZXICKYXTI.
  2291 | D:2      | 2291 ||| READING scroll labelled NYHANOTEDD.
  2292 | D:2      | 2292 ||| READING 3 scrolls labelled DADGHA TIPAXKU.
  2331 | D:3      | 2331 ||| Stepping ~*~*~tactically~*~*~ (stealth).
  2358 | D:3      | Found a radiant altar of Vehumet.
  2379 | D:3      | 2379 ||| Stepping ~*~*~tactically~*~*~ (hiding).
  2396 | D:3      | Reached XP level 5. HP: 15/32 MP: 5/5
  2401 | D:3      | 2401 ||| FLEEEEING.
  2451 | D:3      | 2451 ||| Stepping ~*~*~tactically~*~*~ (stealth).
  2468 | D:3      | 2468 ||| Stepping ~*~*~tactically~*~*~ (stealth).
  2500 | D:3      | 2500 ||| READING scroll of enchant weapon.
  2500 | D:3      | 2500 ||| ENCHANTING +1 war axe.
  2556 | D:3      | Reached skill level 5 in Axes
  2570 | D:3      | Noticed an ogre
  2578 | D:3      | Killed an ogre
  2579 | D:3      | Reached XP level 6. HP: 32/39 MP: 6/6
  2633 | D:3      | Found a snail-covered altar of Cheibriados.
  2765 | D:3      | Found an opulent altar of Gozag.
  2781 | D:3      | 2781 ||| READING scroll of enchant weapon.
  2781 | D:3      | 2781 ||| ENCHANTING +2 war axe.
  2860 | D:3      | 2860 ||| READING scroll labelled FOYLOUSH PEKH.
  2861 | D:3      | 2861 ||| READING scroll labelled EVVIUP GUHISAMN.
  2862 | D:3      | 2862 ||| READING scroll labelled MODDAE DUFRUOPNUO.
  2863 | D:3      | 2863 ||| DRINKING 2 bubbling sapphire potions.
  2864 | D:3      | 2864 ||| DRINKING 2 fuming purple potions.
  2865 | D:3      | 2865 ||| DROPPING potion of invisibility.
  2897 | D:4      | 2897 ||| PLANNING SEWER
  2916 | D:4      | 2916 ||| READING scroll of enchant armour.
  2916 | D:4      | 2916 ||| ENCHANTING +0 pair of gloves.
  2933 | D:4      | Noticed a wyvern
  2943 | D:4      | Killed a wyvern
  3012 | D:4      | Reached skill level 6 in Axes
  3179 | D:4      | 3179 ||| Stepping ~*~*~tactically~*~*~ (stealth).
  3347 | D:4      | Reached skill level 1 in Dodging
  3347 | D:4      | Reached XP level 7. HP: 42/44 MP: 7/7
  3496 | D:4      | 3496 ||| RIP SEWER
  3516 | D:4      | 3516 ||| PLANNING D:1-11
  3540 | D:4      | Found a glowing silver altar of Zin.
  3863 | D:4      | Killed from afar by an orc priest

Levels and vault maps discovered:
D:1:      roderic_crop_circles_arrival_small, layout_loops_corners,
          hangedman_feature_mirror
D:2:      layout_loops_corners, basic_altar, minivault_11, nrook_loot_triangle
D:3:      minmay_spotlight, layout_basic, mainiacjoe_overflow_24_doors,
          lemuel_doored_altar, mainiacjoe_overflow_tiny_flanked,
          supply_closet_lemuel
D:4:      minmay_chambers_of_fours, layout_loops_corners, zin_scriptorium,
          portal_sewer_entry_d

Skill      XL: |  1  2  3  4  5  6 |
---------------+-------------------+-----
Axes           | 2 3 4 5 6 |  6.5
Fighting       | 4 |  4.5
Dodging        | 1 |  1.7
Armour         | |  3.2
Shields        | |  3.2

Action                   |  1- 3 |  4- 6 |  7- 9 || total
-------------------------+-------+-------+-------++-------
Melee: War axe           |    98 |   161 |    22 ||   281
  Use: Scroll            |     5 |     9 |       ||    14
       Potion            |       |     2 |       ||     2
 Stab: Invisible         |       |     1 |       ||     1
Armor: Scale mail        |    54 |     7 |       ||    61
       Chain mail        |       |    84 |    19 ||   103
Dodge: Dodged            |    50 |    64 |     9 ||   123
Block: Buckler           |    20 |    30 |     3 ||    53

Table legend:
 A = Non-vault XP
 B = Vault XP
 C = Vault XP percentage of total XP
 D = Non-vault monster count
 E = Vault monster count
 F = Vault count percentage of total count
                 A         B        C        D         E       F
            +---------+---------+-------+---------+---------+-------
      Total |     884 |      13 |   1.4 |      88 |       7 |   7.4
            +---------+---------+-------+---------+---------+-------
        D:1 |      54 |       5 |   8.5 |      28 |       2 |   6.7
        D:2 |      78 |       0 |   0.0 |      16 |       0 |   0.0
        D:3 |     233 |       8 |   3.3 |      27 |       5 |  15.6
        D:4 |     519 |       0 |   0.0 |      17 |       0 |   0.0
            +---------+---------+-------+---------+---------+-------
